[Event "Titled Tuesday Blitz April 26 Late 2022"]
[White "Eswaran, Ashritha"]
[Black "Song, Guannan Terry"]
[WhiteFideId "2080788"]
[BlackFideId "2614189"]
[WhiteElo "2416"]
[BlackElo "2115"]
[Result "1-0"]
[Round "04"]
[TimeControl "180+1"]
[Date "2022.04.26"]
[WhiteClock "0:01:15"]
[BlackClock "0:00:14"]

1. e4 c5 2. Nf3 d6 3. Bb5+ Bd7 4. Bxd7+ Nxd7 5. O-O Ngf6 6. Re1 e6 7. c3 Be7 8. d4 O-O 9. h3 Rc8 10. Bf4 Re8 11. a4 Bf8 12. e5 Nd5 13. Bh2 dxe5 14. dxe5 Nb8 15. Na3 Nc6 16. Nc4 h6 17. Qc2 Qc7 18. Rad1 b6 19. Nfd2 a6 20. Ne4 Rb8 21. Ncd6 Red8 22. Qe2 Ra8 23. Qf3 Rd7 24. Qg4 Kh8 25. f4 f5 26. Nxf5 exf5 27. Qxf5 Rf7 28. Qg4 Nde7 29. Nd6 Ng8 30. Nxf7+ Qxf7 31. f5 Re8 32. e6 Qf6 33. Qf3 Nce7 34. Be5 Qxf5 35. Qxf5 Nxf5 36. Rf1 Nge7 37. g4 Ne3 38. Rxf8+ Rxf8 39. Rd7 Re8 40. Bd6 Nc8 41. Be5 Rxe6 42. Bxg7+ Kh7 43. Bd4+ Kg8 44. Bxe3 Rxe3 45. Rd8+ Kf7 46. Rxc8 Rxh3 47. Rc6 Rg3+ 48. Kf2 Rxg4 49. Rxb6 Rxa4 50. Rxh6 Ra2 51. Rb6 a5 52. Ke3 a4 53. Kd3 a3 54. bxa3 Rxa3 55. Kc4 Ke7 56. Rc6 Kd7 57. Rxc5 Kd6 58. Kd4 Ra4+ 59. c4 Ra1 60. Rd5+ Kc6 61. Rc5+ Kd6 62. Rb5 Rd1+ 63. Kc3 Rc1+ 64. Kb4 Kc6 65. Rc5+ Kb6 66. Rd5 Kc6 67. Rh5 Rb1+ 68. Kc3 Rc1+ 69. Kb3 Rb1+ 70. Kc2 Rg1 71. Kd3 Rd1+ 72. Kc2 Rg1 73. Re5 Rg3 74. Kb2 Rh3 75. Rd5 Rg3 76. Kc2 Re3 77. Rd3 Re4 78. Kc3 Re1 79. Kd2 Ra1 80. Kc3 Ra3+ 81. Kd4 Ra1 82. Rd2 Rf1 83. Re2 Rf4+ 84. Re4 Rf1 85. Re6+ Kd7 86. Rb6 Rf4+ 87. Kc5 Rf5+ 88. Kb4 Kc7 89. Re6 Rf1 90. Kb5 Rb1+ 91. Kc5 Rh1 92. Re7+ Kd8 93. Rf7 Rh6 94. Kb5 Kc8 95. c5 Kb8 96. Rf8+ Kc7 97. Rf7+ Kb8 98. Ka5 Kc8 99. Kb5 Rg6 100. Re7 Kb8 101. Rd7 Rh6 102. Rd6 Rh1 103. Kc6 Kc8 104. Re6 Rd1 105. Re8+ Rd8 106. Rxd8+ Kxd8 107. Kb7 Kd7 108. c6+ Kd6 109. c7 Kc5 110. c8=Q+ Kb5 111. Qc7 Ka4 112. Qc6+ Ka5 113. Kc7 Kb4 114. Kd6 Ka5 115. Kd5 Kb4 116. Qc5+ Ka4 117. Kd4 Kb3 118. Qc4+ Ka3 119. Qb5 Ka2 120. Kc3 Ka1 121. Qb2# 1-0


[Site "https://www.chess.com"]

[Event "Titled Tuesday Blitz April 26 Late 2022"]
[White "Ezat, Mohamed"]
[Black "Kanyamarala, Trisha"]
[WhiteFideId "10600906"]
[BlackFideId "45004722"]
[WhiteElo "2386"]
[BlackElo "2079"]
[Result "1-0"]
[Round "04"]
[TimeControl "180+1"]
[Date "2022.04.26"]
[WhiteClock "0:01:19"]
[BlackClock "0:00:10"]

1. e4 c5 2. d4 cxd4 3. c3 d3 4. Nf3 d6 5. Bxd3 Nc6 6. O-O Nf6 7. h3 e6 8. Re1 Be7 9. Bf4 O-O 10. Nbd2 a6 11. Nf1 Qc7 12. Qd2 Ne5 13. Nxe5 dxe5 14. Be3 b5 15. Qe2 Bb7 16. Ng3 Rac8 17. a4 b4 18. Bxa6 Bxa6 19. Qxa6 bxc3 20. bxc3 Qxc3 21. Rec1 Qb2 22. Qxc8 Rxc8 23. Rxc8+ Bf8 24. Rd1 Qb7 25. Rdd8 Nd7 26. Bc5 h6 27. Bxf8 Kh7 28. h4 Nb6 29. Rb8 Qc7 30. h5 g6 31. Bd6 Qc1+ 32. Kh2 gxh5 33. Bxe5 f6 34. Rb7+ Kg6 35. Rg8# 1-0


[Site "https://www.chess.com"]

[Event "Titled Tuesday Blitz April 26 Late 2022"]
[White "Fernandez Siles, Luis"]
[Black "Rastbod, Ali"]
[WhiteFideId "2209420"]
[BlackFideId "12567477"]
[WhiteElo "2212"]
[BlackElo "2147"]
[Result "0-1"]
[Round "04"]
[TimeControl "180+1"]
[Date "2022.04.26"]
[WhiteClock "0:00:40"]
[BlackClock "0:01:01"]

1. d4 g6 2. c4 Bg7 3. Nf3 d6 4. Nc3 Nc6 5. e4 Bg4 6. d5 Nd4 7. Be3 Bxf3 8. gxf3 c5 9. h4 h5 10. Bh3 Nf6 11. Bxd4 cxd4 12. Qxd4 O-O 13. Qd2 Qc7 14. Qd3 Bh6 15. Ne2 a6 16. f4 b5 17. cxb5 axb5 18. f5 Nd7 19. fxg6 Ne5 20. gxf7+ Rxf7 21. Rg1+ Kh8 22. Qc3 Qxc3+ 23. Nxc3 Nd3+ 24. Kd1 Nxf2+ 25. Ke2 Nxh3 26. Nxb5 0-1


[Site "https://www.chess.com"]

[Event "Titled Tuesday Blitz April 26 Late 2022"]
[White "Fiorito, Fabian"]
[Black "Kaganskiy, Gleb"]
[WhiteFideId "100200"]
[BlackFideId "4132025"]
[WhiteElo "2395"]
[BlackElo "2165"]
[Result "1-0"]
[Round "04"]
[TimeControl "180+1"]
[Date "2022.04.26"]
[WhiteClock "0:00:48"]
[BlackClock "0:00:36"]

1. e4 d6 2. d4 Nf6 3. Nc3 e5 4. dxe5 dxe5 5. Qxd8+ Kxd8 6. Nf3 Bd6 7. Bg5 Be6 8. O-O-O Nd7 9. Bd3 h6 10. Bh4 g5 11. Bg3 Nh5 12. Bb5 Nxg3 13. hxg3 f6 14. Nd2 c6 15. Bc4 Bxc4 16. Nxc4 Bb4 17. Ne2 Kc7 18. f3 Bc5 19. g4 b5 20. Nd2 Be3 21. Ng3 Rh7 22. Nf5 Bxd2+ 23. Rxd2 Rah8 24. Rh5 Nc5 25. g3 Ne6 26. Rdh2 Nd4 27. Nxd4 exd4 28. f4 Kd6 29. e5+ fxe5 30. fxg5 Rg7 31. Rxh6+ Rxh6 32. gxh6 Rh7 33. g5 Ke6 34. g6 1-0


[Site "https://www.chess.com"]

[Event "Titled Tuesday Blitz April 26 Late 2022"]
[White "Gnechko, Ruslan"]
[Black "Leiva, Gianmarco"]
[WhiteFideId "14135868"]
[BlackFideId "3804399"]
[WhiteElo "2493"]
[BlackElo "2727"]
[Result "0-1"]
[Round "04"]
[TimeControl "180+1"]
[Date "2022.04.26"]
[WhiteClock "0:00:35"]
[BlackClock "0:00:42"]

1. d4 g6 2. c4 Bg7 3. Nc3 d6 4. e4 Nd7 5. Nge2 e5 6. d5 Ne7 7. h4 f5 8. h5 f4 9. g3 g5 10. Bh3 Nc5 11. Bxc8 Qxc8 12. gxf4 exf4 13. Nd4 h6 14. Rg1 Qh3 15. f3 Qh4+ 16. Kf1 Qh3+ 17. Kf2 O-O 18. b4 Nd7 19. Bb2 Ne5 20. Ne6 Nxc4 21. Nxg7 Qh4+ 22. Ke2 Qh2+ 23. Ke1 Qxg1+ 0-1


[Site "https://www.chess.com"]

[Event "Titled Tuesday Blitz April 26 Late 2022"]
[White "Gomez Dieguez, David"]
[Black "Petrova, Irina"]
[WhiteFideId "22223630"]
[BlackFideId "14124122"]
[WhiteElo "2115"]
[BlackElo "1993"]
[Result "0-1"]
[Round "04"]
[TimeControl "180+1"]
[Date "2022.04.26"]
[WhiteClock "0:00:01"]
[BlackClock "0:00:32"]

1. c4 e5 2. Nc3 Nf6 3. Nf3 Nc6 4. e3 Bb4 5. Qc2 O-O 6. Nd5 Bc5 7. Ng5 g6 8. Nxf6+ Qxf6 9. Ne4 Qe7 10. a3 a5 11. b3 Bb6 12. c5 Ba7 13. Bc4 d6 14. cxd6 cxd6 15. Bb2 Bf5 16. Bd5 Rac8 17. Qd1 Be6 18. Bxe6 fxe6 19. O-O d5 20. Nc3 e4 21. Nb5 Bb6 22. Qg4 Rce8 23. h4 Rf5 24. f3 exf3 25. Rxf3 Qc5 26. Nd4 Nxd4 27. Bxd4 Qd6 28. Raf1 Ref8 29. Bxb6 Qxb6 30. Rxf5 exf5 31. Qa4 Rc8 32. Kh2 Qc7+ 33. g3 Qc2 34. Rf2 Qc6 35. Qd4 b5 36. b4 a4 37. h5 Qc4 38. Qf6 Qc6 39. Qe5 Re8 40. Qf4 Re4 41. Qg5 Rg4 42. Qd8+ Kg7 43. Qe7+ Kh6 44. hxg6 hxg6 45. Qf8+ Kg5 46. Qe7+ Qf6 47. Qxf6+ Kxf6 48. d4 Re4 49. Re2 Re6 50. Kg2 Rc6 51. Kf3 Rc3 0-1


[Site "https://www.chess.com"]

[Event "Titled Tuesday Blitz April 26 Late 2022"]
[White "Gutierrez Olivares, Daniel"]
[Black "Mirza, Diana"]
[WhiteFideId "2264005"]
[BlackFideId "2503999"]
[WhiteElo "2317"]
[BlackElo "1813"]
[Result "1-0"]
[Round "04"]
[TimeControl "180+1"]
[Date "2022.04.26"]
[WhiteClock "0:02:00"]
[BlackClock "0:00:32"]

1. Nf3 d5 2. g3 c5 3. c4 d4 4. e3 Nc6 5. exd4 cxd4 6. d3 g6 7. Bg2 Bg7 8. O-O Bg4 9. a3 e6 10. b4 Nge7 11. h3 Bxf3 12. Bxf3 Qd7 13. Nd2 Ne5 14. Be2 h5 15. Ne4 h4 16. g4 f5 17. Nc5 Qc6 18. f4 fxg4 19. fxe5 gxh3 20. Bf3 h2+ 21. Kh1 Qc7 22. Nxe6 Qxe5 23. Re1 Qf6 24. Bg5 Qf7 25. Nxg7+ Kf8 26. Bxe7+ Kxg7 27. Bc5 Rad8 28. Re7 1-0


[Site "https://www.chess.com"]

[Event "Titled Tuesday Blitz April 26 Late 2022"]
[White "Hamley, Ryan"]
[Black "Ivanisevic, Ivan"]
[WhiteFideId "30959497"]
[BlackFideId "912417"]
[WhiteElo "2470"]
[BlackElo "2495"]
[Result "0-1"]
[Round "04"]
[TimeControl "180+1"]
[Date "2022.04.26"]
[WhiteClock "0:00:03"]
[BlackClock "0:00:11"]

1. e4 e5 2. Nf3 Nc6 3. Bb5 a6 4. Ba4 Nf6 5. O-O Be7 6. Re1 b5 7. Bb3 O-O 8. c3 d5 9. exd5 Nxd5 10. Nxe5 Nxe5 11. Rxe5 c6 12. d3 a5 13. Nd2 a4 14. Bc2 a3 15. Nf3 Bf6 16. Re2 Bg4 17. d4 Bxf3 18. gxf3 Re8 19. Be4 Qd6 20. Bxd5 Qxd5 21. bxa3 Qc4 22. Rxe8+ Rxe8 23. Be3 Be7 24. Qb3 Qd3 25. a4 Qg6+ 26. Kh1 Qh5 27. Kg2 Bd6 28. Rh1 Re6 29. Qd1 bxa4 30. c4 h6 31. h4 Rg6+ 32. Kf1 Qf5 33. Ke2 Rf6 34. Kf1 Re6 35. Ke2 Bf4 36. Qd3 Qf6 37. d5 cxd5 38. cxd5 Re8 39. Rc1 Qxh4 40. d6 Bxe3 41. fxe3 Qh2+ 42. Kd1 Qg1+ 43. Kd2 Qf2+ 44. Kd1 Rd8 45. d7 Qg1+ 46. Kc2 Qg6 47. Kb1 Qxd3+ 0-1


[Site "https://www.chess.com"]

[Event "Titled Tuesday Blitz April 26 Late 2022"]
[White "Harish, Neeraj"]
[Black "Torres Cueto, Jesus Marcial"]
[WhiteFideId "30958130"]
[BlackFideId "4415280"]
[WhiteElo "1574"]
[BlackElo "2055"]
[Result "0-1"]
[Round "04"]
[TimeControl "180+1"]
[Date "2022.04.26"]
[WhiteClock "0:00:07"]
[BlackClock "0:00:59"]

1. e4 e6 2. d4 d5 3. Nd2 c5 4. exd5 Qxd5 5. Ngf3 cxd4 6. Bc4 Qd7 7. O-O Nc6 8. Nb3 a6 9. Nbxd4 Nxd4 10. Nxd4 Qc7 11. Bb3 Bd6 12. h3 Ne7 13. c3 O-O 14. Be3 Bd7 15. Bc2 Rad8 16. Qh5 Ng6 17. h4 f5 18. Bg5 Rde8 19. Rfe1 e5 20. Nf3 e4 21. Nd4 Ne5 22. f3 g6 23. Qh6 Nf7 24. Bb3 Be5 25. Bxf7+ Rxf7 26. Be3 f4 27. fxe4 fxe3 28. Qxe3 Bh2+ 29. Kh1 Bf4 30. Qe2 Qd8 31. Rad1 Qxh4+ 32. Kg1 Qh2+ 0-1


[Site "https://www.chess.com"]

[Event "Titled Tuesday Blitz April 26 Late 2022"]
[White "Harshavardhan G B"]
[Black "De Souza, Cristiano Gomes"]
[WhiteFideId "25059009"]
[BlackFideId "2151758"]
[WhiteElo "1831"]
[BlackElo "2068"]
[Result "1-0"]
[Round "04"]
[TimeControl "180+1"]
[Date "2022.04.26"]
[WhiteClock "0:01:41"]
[BlackClock "0:01:25"]

1. e4 c5 2. Nf3 d6 3. d4 cxd4 4. Nxd4 Nf6 5. Nc3 a6 6. Qf3 Nbd7 7. h3 g6 8. Be3 Bg7 9. O-O-O O-O 10. g4 Ne5 11. Qg2 Bd7 12. f4 Nc6 13. g5 Ne8 14. h4 Nc7 15. h5 Nxd4 16. Bxd4 Bxd4 17. Rxd4 Ne6 18. Qh2 Ng7 19. hxg6 fxg6 20. Bc4+ e6 21. f5 Qe7 22. Qxh7+ Kf7 23. Qxg6+ Kg8 24. f6 1-0


[Site "https://www.chess.com"]

[Event "Titled Tuesday Blitz April 26 Late 2022"]
[White "Hirneise, Jens"]
[Black "Yuan, Qingyu"]
[WhiteFideId "24614734"]
[BlackFideId "8609772"]
[WhiteElo "2359"]
[BlackElo "2359"]
[Result "0-1"]
[Round "04"]
[TimeControl "180+1"]
[Date "2022.04.26"]
[WhiteClock "0:00:11"]
[BlackClock "0:00:29"]

1. Nf3 d5 2. b3 c5 3. e3 Nf6 4. Bb5+ Nbd7 5. Bb2 g6 6. Ne5 Bg7 7. Nxd7 Bxd7 8. Qe2 O-O 9. Bxd7 Qxd7 10. O-O Rac8 11. c4 Rfd8 12. cxd5 Qxd5 13. Rd1 Qd3 14. Qxd3 Rxd3 15. Kf1 Rcd8 16. Ke2 b5 17. Na3 Ne4 18. Bxg7 Rxd2+ 19. Rxd2 Rxd2+ 20. Kf3 f5 21. Kf4 Kxg7 22. f3 Nf6 23. Nxb5 a6 24. Nc3 Rxg2 25. Na4 Nd7 26. e4 e5+ 27. Ke3 Rxh2 28. exf5 gxf5 29. Rd1 Nf6 30. Nxc5 Rxa2 31. Ne6+ Kg6 32. Rg1+ Kf7 33. Ng5+ Kf8 34. Ne6+ Ke7 35. Ng7 Nd5+ 36. Kd3 Nf4+ 37. Kc4 Kf6 38. Ne8+ Kf7 39. Nd6+ Ke6 40. Nb7 Rc2+ 41. Kb4 Nd3+ 42. Ka3 e4 43. fxe4 fxe4 44. Re1 Nxe1 0-1


[Site "https://www.chess.com"]

[Event "Titled Tuesday Blitz April 26 Late 2022"]
[White "Hnydiuk, Aleksander"]
[Black "Swiercz, Dariusz"]
[WhiteFideId "1109057"]
[BlackFideId "1126881"]
[WhiteElo "2374"]
[BlackElo "2627"]
[Result "1-0"]
[Round "04"]
[TimeControl "180+1"]
[Date "2022.04.26"]
[WhiteClock "0:00:04"]
[BlackClock "0:00:01"]

1. Nf3 Nf6 2. c4 g6 3. g3 Bg7 4. Bg2 O-O 5. d4 c6 6. Nc3 d6 7. O-O Bf5 8. Ne1 e5 9. d5 cxd5 10. cxd5 a5 11. e4 Bg4 12. f3 Bd7 13. Be3 Na6 14. Nd3 b5 15. a3 Qb8 16. b4 Rc8 17. Qd2 axb4 18. axb4 Rc4 19. Rfb1 h5 20. Bf1 Rc8 21. Ra5 Nc7 22. Rba1 Kh7 23. R1a3 Rxa5 24. Rxa5 Ng8 25. Qa2 Bh6 26. Bf2 Nf6 27. Ra7 Kg7 28. Qa5 Nce8 29. Qa1 Bd2 30. Ra3 Qc7 31. Ne2 Bh6 32. Bg2 Qc2 33. Bf1 Qc7 34. Ra7 Qd8 35. Bg2 Kg8 36. h3 Rc7 37. Ra8 Rc8 38. Ra7 Bg5 39. f4 exf4 40. gxf4 Bh6 41. e5 Nh7 42. Nd4 Bg7 43. e6 fxe6 44. dxe6 Bxe6 45. Nxe6 Bxa1 46. Nxd8 Bf6 47. Ne6 Rc3 48. Ra8 Rxd3 49. Rxe8+ Kf7 50. Nc7 Rc3 51. Rc8 1-0


[Site "https://www.chess.com"]

[Event "Titled Tuesday Blitz April 26 Late 2022"]
[White "Janaszak, Dawid"]
[Black "Maghsoodloo, Parham"]
[WhiteFideId "1119206"]
[BlackFideId "12539929"]
[WhiteElo "2199"]
[BlackElo "2630"]
[Result "0-1"]
[Round "04"]
[TimeControl "180+1"]
[Date "2022.04.26"]
[WhiteClock "0:00:12"]
[BlackClock "0:00:52"]

1. e4 c5 2. Nc3 d6 3. f4 a6 4. Nf3 b5 5. g3 Bb7 6. d3 Nd7 7. Bg2 g6 8. O-O Bg7 9. f5 Ngf6 10. Nh4 Qb6 11. Be3 Ne5 12. h3 b4 13. Ne2 d5 14. exd5 Bxd5 15. Qe1 Qc6 16. Qf2 O-O 17. Nf4 Bxg2 18. Nfxg2 c4 19. Bd4 Nfd7 20. dxc4 Qxc4 21. Rad1 Rac8 22. Ne3 Qc6 23. Qg2 Qxg2+ 24. Nhxg2 Rfe8 25. Rf2 Nc5 26. fxg6 hxg6 27. Nf4 Ne4 28. Rff1 e6 29. Kg2 Red8 30. Bxe5 Bxe5 31. Nd3 Bd4 32. Ng4 Rxc2+ 33. Kf3 Ng5+ 34. Kf4 Nxh3+ 35. Kf3 Rd5 36. Nxb4 Ng5+ 37. Kf4 Rf5# 0-1


[Site "https://www.chess.com"]

[Event "Titled Tuesday Blitz April 26 Late 2022"]
[White "Jarocka, Liwia"]
[Black "Baches Garcia, Guillermo"]
[WhiteFideId "21807558"]
[BlackFideId "2209764"]
[WhiteElo "1896"]
[BlackElo "2529"]
[Result "0-1"]
[Round "04"]
[TimeControl "180+1"]
[Date "2022.04.26"]
[WhiteClock "0:00:01"]
[BlackClock "0:00:03"]

1. e4 c5 2. Nf3 d6 3. d4 cxd4 4. Nxd4 Nf6 5. Nc3 Nc6 6. Bg5 e6 7. Qd2 h6 8. Bxf6 gxf6 9. O-O-O a6 10. f4 Bd7 11. Kb1 Qb6 12. Nce2 O-O-O 13. g4 Kb8 14. Bg2 Be7 15. Nxc6+ Bxc6 16. Nd4 Bd7 17. Rhe1 Rc8 18. h3 Rc4 19. Nb3 Rhc8 20. Rc1 Bd8 21. Red1 Bc7 22. Qd3 Bb5 23. Qd2 a5 24. Nd4 Bd7 25. b3 Bd8 26. Ka1 Rc3 27. Ne2 R3c6 28. c4 f5 29. e5 Be7 30. Bxc6 Rxc6 31. Nd4 Rc8 32. gxf5 a4 33. fxe6 fxe6 34. b4 dxe5 35. c5 Qc7 36. fxe5 Qxe5 37. Re1 Qh8 38. Kb1 Rd8 39. Qf4+ Ka8 40. Rcd1 Bf6 41. Rf1 Bg7 42. Qh4 a3 43. Nxe6 Re8 44. Nxg7 Qxg7 45. Qd4 Qg2 46. Rf2 Qg3 47. Rfd2 Bc6 48. Ka1 Re3 0-1


[Site "https://www.chess.com"]

[Event "Titled Tuesday Blitz April 26 Late 2022"]
[White "Jegorovas, Aleksandras"]
[Black "Donatti, Alvaro"]
[WhiteFideId "12801950"]
[BlackFideId "3000303"]
[WhiteElo "2247"]
[BlackElo "2138"]
[Result "1/2-1/2"]
[Round "04"]
[TimeControl "180+1"]
[Date "2022.04.26"]
[WhiteClock "0:00:17"]
[BlackClock "0:00:09"]

1. d4 Nf6 2. c4 g6 3. Nc3 d5 4. cxd5 Nxd5 5. e4 Nxc3 6. bxc3 Bg7 7. Nf3 c5 8. Rb1 O-O 9. h3 Nc6 10. d5 Ne5 11. Nxe5 Bxe5 12. Qd2 e6 13. c4 exd5 14. cxd5 b6 15. Bc4 Qh4 16. Qe3 f5 17. d6+ Kh8 18. Bd5 Rb8 19. Bb2 Bxb2 20. Rxb2 Qf6 21. e5 Qh4 22. e6 Qf6 23. Rb1 Bxe6 24. Bxe6 Rbe8 25. O-O Rxe6 26. Qa3 Rxd6 27. Qxa7 Rf7 28. Qb8+ Kg7 29. Rfe1 Re7 30. Rxe7+ Qxe7 31. Rxb6 Qe1+ 32. Kh2 Qe5+ 33. g3 Qd4 34. Qc7+ Rd7 35. Qf4 Qxf4 36. gxf4 Rc7 37. a4 c4 38. Rb2 c3 39. Rc2 Ra7 40. Kg3 Rxa4 41. Rxc3 Ra2 42. Re3 Kh6 43. Re7 Ra3+ 44. f3 Ra1 45. h4 Ra2 46. Kh3 Ra1 47. Kg3 Ra3 48. Kg2 Ra2+ 49. Kg3 Ra3 50. Rc7 Rd3 51. Rc5 Rd2 52. Re5 Ra2 53. Re1 Ra3 54. Rd1 Rb3 55. Rd7 Ra3 56. Re7 Rb3 57. Re6 Ra3 58. Re8 Rb3 59. Rc8 Ra3 60. Rc6 Ra4 61. Re6 Ra3 62. Re5 Ra4 63. Re6 Ra3 1/2-1/2


[Site "https://www.chess.com"]

[Event "Titled Tuesday Blitz April 26 Late 2022"]
[White "Kanyamarala, Tarun"]
[Black "Federzoni, Enzo"]
[WhiteFideId "45004714"]
[BlackFideId "2173301"]
[WhiteElo "2177"]
[BlackElo "1956"]
[Result "1-0"]
[Round "04"]
[TimeControl "180+1"]
[Date "2022.04.26"]
[WhiteClock "0:00:03"]
[BlackClock "0:00:08"]

1. d4 Nf6 2. Nc3 d5 3. Bf4 e6 4. Nb5 Na6 5. e3 c6 6. Nc3 Bd6 7. Bxd6 Qxd6 8. Bxa6 bxa6 9. f4 c5 10. Nf3 O-O 11. O-O cxd4 12. Qxd4 Qb6 13. Na4 Qb5 14. b3 Bd7 15. Ne5 Rfc8 16. Rac1 Ne4 17. c4 Qb7 18. cxd5 exd5 19. Nc5 Nxc5 20. Rxc5 Rxc5 21. Qxc5 Bb5 22. Rc1 f6 23. Nf3 h6 24. Kf2 Re8 25. Rd1 Rc8 26. Qxd5+ Qxd5 27. Rxd5 Rc1 28. Rd2 Bc6 29. Nd4 Be4 30. Ne2 Rc7 31. Ng3 Bg6 32. Ne2 Be4 33. Ng3 Bg6 34. e4 h5 35. Re2 Kf8 36. Nf1 h4 37. f5 Bh5 38. Rd2 Bf7 39. Ne3 Rc1 40. Rd1 Rc3 41. Kf3 a5 42. Kf4 a4 43. Rd8+ Ke7 44. Ra8 axb3 45. Rxa7+ Kd6 46. axb3 Bxb3 47. Rxg7 Rc1 48. Rg6 Ke7 49. e5 fxe5+ 50. Kxe5 Re1 51. Kf4 Ba4 52. Rh6 Re2 53. Rxh4 Rf2+ 54. Ke5 Re2 55. Rh7+ Kf8 56. Kf6 Bb3 57. Rh8+ Bg8 58. Ng4 Re7 59. Ne5 Rg7 60. Ng6+ Ke8 61. Kxg7 Kd7 62. Rxg8 1-0


[Site "https://www.chess.com"]

[Event "Titled Tuesday Blitz April 26 Late 2022"]
[White "Keymer, Vincent"]
[Black "Yurovskykh, Oleksandr"]
[WhiteFideId "12940690"]
[BlackFideId "14134020"]
[WhiteElo "2557"]
[BlackElo "2292"]
[Result "1-0"]
[Round "04"]
[TimeControl "180+1"]
[Date "2022.04.26"]
[WhiteClock "0:00:45"]
[BlackClock "0:00:40"]

1. Nf3 d5 2. e3 Nf6 3. c4 dxc4 4. Bxc4 c5 5. O-O Nc6 6. d4 e6 7. a3 cxd4 8. exd4 Be7 9. Nc3 O-O 10. Bf4 b6 11. Qd3 Bb7 12. Rad1 Rc8 13. Ba2 Bd6 14. Bg5 h6 15. Bh4 g5 16. Bg3 Bxg3 17. fxg3 Kg7 18. Bb1 Rh8 19. h4 g4 20. Ne5 Nxe5 21. dxe5 Qxd3 22. exf6+ 1-0


[Site "https://www.chess.com"]

[Event "Titled Tuesday Blitz April 26 Late 2022"]
[White "Khanin, Semen"]
[Black "Vujic, Mihailo"]
[WhiteFideId "4111990"]
[BlackFideId "918873"]
[WhiteElo "2745"]
[BlackElo "2509"]
[Result "1-0"]
[Round "04"]
[TimeControl "180+1"]
[Date "2022.04.26"]
[WhiteClock "0:00:40"]
[BlackClock "0:00:01"]

1. e4 e5 2. Nf3 Nc6 3. Bb5 f5 4. d3 fxe4 5. dxe4 Nf6 6. Qd3 Bc5 7. O-O d6 8. Nc3 O-O 9. Na4 Bb6 10. Bxc6 bxc6 11. Qc4+ Kh8 12. Qxc6 Bd7 13. Qc4 Qe8 14. Nxb6 axb6 15. Qe2 Bg4 16. h3 Qh5 17. hxg4 Nxg4 18. Rd1 Rf6 19. Bg5 Rg6 20. Bh4 Rf8 21. Bg3 Qh6 22. a4 Nf6 23. a5 bxa5 24. Rxa5 Nh5 25. Nh4 Rg5 26. Qf3 Nf4 27. Bxf4 exf4 28. Rxg5 Qxg5 29. Nf5 g6 30. Nd4 Re8 31. Ne2 Rf8 32. g3 Kg7 33. Nxf4 Qe5 34. Qc3 Qxc3 35. bxc3 Rf6 36. Ra1 1-0


[Site "https://www.chess.com"]

[Event "Titled Tuesday Blitz April 26 Late 2022"]
[White "Kohler, Aran"]
[Black "Mortazavi, Ali"]
[WhiteFideId "1002856"]
[BlackFideId "401323"]
[WhiteElo "2296"]
[BlackElo "2339"]
[Result "0-1"]
[Round "04"]
[TimeControl "180+1"]
[Date "2022.04.26"]
[WhiteClock "0:00:18"]
[BlackClock "0:00:16"]

1. d4 Nf6 2. Nf3 g6 3. Bg5 Bg7 4. Nbd2 O-O 5. e3 d6 6. h4 h5 7. Bd3 c5 8. c3 Be6 9. Bxf6 exf6 10. c4 f5 11. d5 Bc8 12. Qc2 b5 13. cxb5 a6 14. b6 Nd7 15. Nc4 Nxb6 16. Nxb6 Qxb6 17. Rb1 Qa5+ 18. Nd2 Qxa2 19. Nc4 Rb8 20. O-O Qb3 21. Qe2 Rd8 22. Na5 Qb6 23. Nc6 Bb7 24. Nxd8 Rxd8 25. e4 Re8 26. Qf3 c4 27. Bc2 fxe4 28. Bxe4 Qd4 29. Rfe1 Re5 30. Bc2 Bxd5 31. Qg3 Qd2 32. Rec1 Re2 33. Bxg6 fxg6 34. Qxg6 Rxf2 35. Qe8+ Rf8 36. Qxh5 Qxg2# 0-1


[Site "https://www.chess.com"]

[Event "Titled Tuesday Blitz April 26 Late 2022"]
[White "Korchmar, Vasiliy"]
[Black "Vega Gutierrez, Sabrina"]
[WhiteFideId "24131750"]
[BlackFideId "2219026"]
[WhiteElo "2370"]
[BlackElo "2286"]
[Result "1-0"]
[Round "04"]
[TimeControl "180+1"]
[Date "2022.04.26"]
[WhiteClock "0:00:10"]
[BlackClock "0:00:16"]

1. e4 c5 2. Nf3 e6 3. g3 Nc6 4. Bg2 Nf6 5. Qe2 e5 6. O-O Be7 7. d3 O-O 8. Nc3 d6 9. Bg5 Bg4 10. Bxf6 Bxf6 11. Nd5 Nd4 12. Qd1 Qd7 13. c3 Nc6 14. Nxf6+ gxf6 15. Qc1 Ne7 16. Qh6 Ng6 17. Nd2 Be2 18. Nc4 Kh8 19. Ne3 Rg8 20. Nd5 Qd8 21. h4 Bxd3 22. h5 Nf4 23. gxf4 Bxe4 24. Ne3 Bxg2 25. Nxg2 Qd7 26. Qxf6+ Rg7 27. h6 Rg8 28. f3 Qh3 29. Rf2 1-0


[Site "https://www.chess.com"]

[Event "Titled Tuesday Blitz April 26 Late 2022"]
[White "Kostiukov, Alexandr"]
[Black "Smail, Benedict"]
[WhiteFideId "14108100"]
[BlackFideId "2050480"]
[WhiteElo "2202"]
[BlackElo "2070"]
[Result "0-1"]
[Round "04"]
[TimeControl "180+1"]
[Date "2022.04.26"]
[WhiteClock "0:00:02"]
[BlackClock "0:00:18"]

1. g3 d5 2. Bg2 Nf6 3. d3 c6 4. e4 dxe4 5. dxe4 Qxd1+ 6. Kxd1 e5 7. f3 Bc5 8. Nd2 Be6 9. Bh3 Bd7 10. Nb3 Bb6 11. a4 O-O 12. a5 Bc7 13. Be3 Na6 14. c3 Rfd8 15. Ke2 h6 16. Bxd7 Rxd7 17. Nh3 b6 18. axb6 axb6 19. Nf2 Bd8 20. Rhd1 Rxd1 21. Nxd1 c5 22. Nd2 Nc7 23. Rxa8 Nxa8 24. b4 Nd7 25. Nf2 Nc7 26. Nc4 Ne6 27. Nd3 Bc7 28. bxc5 Nexc5 29. Nxc5 bxc5 30. Bc1 h5 31. Ne3 g6 32. Nd5 Bd6 33. Ba3 Kg7 34. h3 f5 35. Bc1 Nf6 36. Kd3 Kf7 37. Nxf6 Kxf6 38. Kc4 Ke6 39. Ba3 f4 40. gxf4 exf4 41. Bxc5 Be5 42. Bd4 Bd6 43. Kb5 g5 44. c4 Bc7 45. Kc6 Ba5 46. Bb6 Bc3 47. c5 Ke5 48. Kb7 g4 49. hxg4 hxg4 50. fxg4 Bd4 0-1


[Site "https://www.chess.com"]

[Event "Titled Tuesday Blitz April 26 Late 2022"]
[White "Kozak, Adam"]
[Black "Hardaway, Brewington"]
[WhiteFideId "753246"]
[BlackFideId "30941849"]
[WhiteElo "2459"]
[BlackElo "1768"]
[Result "1-0"]
[Round "04"]
[TimeControl "180+1"]
[Date "2022.04.26"]
[WhiteClock "0:01:25"]
[BlackClock "0:00:10"]

1. e4 c5 2. Nf3 e6 3. Nc3 a6 4. g3 b5 5. d4 cxd4 6. Nxd4 Bb7 7. Bg2 Nc6 8. O-O Bc5 9. Nb3 Bb6 10. Re1 Nge7 11. Nd5 exd5 12. exd5 O-O 13. dxc6 Nxc6 14. Bf4 a5 15. Bd6 Qf6 16. Bc5 Ra6 17. Bxb6 Rxb6 18. Nc5 Bc8 19. c3 Ne5 20. Qd4 Nf3+ 21. Bxf3 Qxf3 22. Re3 Qc6 23. Rae1 d6 24. Nd3 Bb7 25. f3 h6 26. Nf4 b4 27. Nh5 f6 28. Qg4 Qc7 29. Re7 Qc5+ 30. R1e3 g5 31. Qe6+ Kh8 32. Nxf6 Rxf6 33. Qxf6+ 1-0


[Site "https://www.chess.com"]